 Dungeon Crawl Stone Soup version 0.18-a0-1109-gfc003ac (webtiles) character file.

1033 4thArraOfDagon the Cleaver (level 8, -8/71 HPs)
             Began as a Hill Orc Fighter on Jan 16, 2016.
             Was a Priest of Cheibriados.
             Mangled by a warg (13 damage)
             ... on level 8 of the Dungeon.
             The game lasted 00:09:26 (1544 turns).

4thArraOfDagon the Cleaver (Hill Orc Fighter)       Turns: 1544, Time: 00:09:26

Health: -8/71      AC: 14    Str: 31      XL:     8   Next: 24%
Magic:  10/10      EV:  8    Int: 22      God:    Cheibriados [***...]
Gold:   135        SH: 10    Dex: 14 (17) Spells: 0 memorised, 7 levels left

rFire  + . .     SeeInvis +     a - +0 war axe
rCold  . . .     Gourm    .     e - +3 scale mail {rF+}
rNeg   . . .     Faith    .     c - +0 shield
rPois  +         Spirit   .     (no helmet)
rElec  .         Dismiss  .     m - +0 cloak
rCorr  .         Reflect  .     (no gloves)
SustAt .         Harm     .     l - +2 pair of boots
MR     .....                    (no amulet)
Stlth  ..........               s - ring of poison resistance
                                r - ring of see invisible

@: mighty, brilliant, slowed, very slow, not resistant to hostile enchantments,
extremely unstealthy
A: no striking features
a: Bend Time, Temporal Distortion, Renounce Religion


You were on level 8 of the Dungeon.
You worshipped Cheibriados.
Cheibriados was most pleased with you.
You were not hungry.

You visited 2 branches of the dungeon, and saw 9 of its levels.
You also visited: Ossuary.

You collected 135 gold pieces.

Inventory:

Hand Weapons
 a - a +0 war axe (weapon)
Missiles
 y - a throwing net (quivered)
Armour
 c - a +0 shield (worn)
 e - a +3 scale mail of fire resistance (worn)
 l - a +2 pair of boots (worn)
 m - a +0 cloak (worn)
Jewellery
 r - a ring of see invisible (left hand)
 s - a ring of poison resistance (right hand)
Scrolls
 b - a scroll of amnesia {unknown}
 g - 2 scrolls of fear {unknown}
 i - 6 scrolls of identify {unknown}
 j - a scroll of recharging {unknown}
 p - 2 scrolls of remove curse {unknown}
 q - 2 scrolls of teleportation {unknown}
 t - a scroll of enchant armour {unknown}
 u - a scroll of acquirement {unknown}
 v - a scroll of vulnerability {unknown}
Potions
 n - a potion of flight {unknown}
 o - a potion of mutation {unknown}
 w - a potion of brilliance
 z - a potion of resistance {unknown}
Comestibles
 f - a bread ration
 h - a meat ration
 k - a slice of pizza


   Skills:
 + Level 6.4 Fighting
 * Level 8.6 Axes
 + Level 5.4 Armour
 + Level 1.7 Dodging
 - Level 3.2 Shields
 + Level 3.1 Invocations


You had 7 spell levels left.
You didn't know any spells.

Dungeon Overview and Level Annotations

Branches:
Dungeon (8/15)             Temple (1/1) D:5
   Lair: D:8-11

Altars:
Cheibriados
Elyvilon
Kikubaaqudgha
Nemelex Xobeh
Qazlal
Sif Muna
Trog
Vehumet
Yredelemnul

Annotations:
D:6 ThermosAquaticus's ghost, novice OgAK


Message History

* * * LOW HITPOINT WARNING * * *
You block the warg's attack.
Unknown command.
You closely miss the warg. The warg bites you.
* * * LOW HITPOINT WARNING * * *
The warg bites you but does no damage. The warg closely misses you.
Unknown command.
Drink which item? (? for menu, Esc to quit)
You feel better. The warg bites you.
* * * LOW HITPOINT WARNING * * *
The warg bites you!
* * * LOW HITPOINT WARNING * * *
Unknown command.
Drink which item? (? for menu, Esc to quit)
It was a potion of brilliance.
You feel clever all of a sudden. You block the warg's attack. x2
Unknown command.
You closely miss the warg. You block the warg's attack. The warg bites you!
You die...

#(.<.# #.####
#. # # ###.#
### .....
#.####.##..##
#.....@h....#
####..).....#
#........#
#........#
#..>.....#
#........#
#######..#
#.# ..


You could see a warg.

Vanquished Creatures
  Menkaure (D:4)
  A warg (D:8)
  A sky beast (D:7)
  An orc warrior (D:7)
  A necrophage (D:7)
  An ogre (D:7)
  A vampire bat (D:5)
  A hound (D:4)
  An orc priest (D:7)
  A quasit (D:7)
  2 orc wizards (D:8)
  3 worker ants
  4 big kobold zombies (Ossuary)
  A mummy (Ossuary)
  2 adders
  An ooze (D:7)
  An adder skeleton (D:7)
  2 giant geckos
  4 orcs
  4 spectral bats (Ossuary)
  4 bat skeletons (D:5)
  2 bat zombies (D:5)
  3 giant cockroaches
  7 gnoll zombies (Ossuary)
  2 goblins (D:1)
  3 hobgoblins
  8 jackals (D:1)
  3 bats
  2 bat simulacra (Ossuary)
  3 goblin simulacra (Ossuary)
  4 goblin zombies (Ossuary)
  6 hobgoblin zombies (Ossuary)
  3 kobold simulacra (Ossuary)
  4 kobold zombies (Ossuary)
  4 orc zombies (Ossuary)
  A rat (D:1)
  5 rat simulacra (Ossuary)
  A spectral goblin (Ossuary)
  4 spectral kobolds (Ossuary)
  6 spectral rats (Ossuary)
109 creatures vanquished.

Vanquished Creatures (others)
  A gnoll zombie (Ossuary)
1 creature vanquished.

Grand Total: 110 creatures vanquished

Notes
Turn   | Place    | Note
--------------------------------------------------------------
     0 | D:1      | 4thArraOfDagon the Hill Orc Fighter began the quest for the Orb.
     0 | D:1      | Reached XP level 1. HP: 19/19 MP: 1/1
     0 | D:1      | pipel: https://github.com/crawl/crawl/commit/118c1289e60337c2cdc6dd526cc12ed880eeadac
     0 | D:1      | 4thArraOfDagon: coo
     0 | D:1      | 4thArraOfDagon: cool
    29 | D:1      | jacquesderrida: ayyyyyyyyyyyy
    55 | D:1      | Kolbur: what's cool?
    60 | D:1      | jacquesderrida: hard lyfe
   102 | D:1      | Reached XP level 2. HP: 27/27 MP: 2/2
   110 | D:1      | Reached skill level 4 in Fighting
   235 | D:3      | pipel: i wanted to implement tele ring handling for qw
   245 | D:3      | Reached XP level 3. HP: 33/33 MP: 3/3
   246 | D:3      | Found a radiant altar of Vehumet.
   318 | D:4      | Noticed Menkaure
   324 | D:4      | pipel: my laziness feels rewarded
   324 | D:4      | Reached XP level 4. HP: 19/41 MP: 4/4
   325 | D:4      | Killed Menkaure
   325 | D:4      | Reached skill level 5 in Axes
   325 | D:4      | Reached XP level 5. HP: 21/47 MP: 5/5
   349 | D:5      | Entered Level 5 of the Dungeon
   396 | D:5      | Reached skill level 5 in Fighting
   399 | D:5      | Found an ancient bone altar of Kikubaaqudgha.
   428 | D:5      | Reached skill level 6 in Axes
   428 | D:5      | Reached XP level 6. HP: 39/56 MP: 6/6
   474 | D:5      | Found a staircase to the Ecumenical Temple.
   480 | Temple   | Entered the Ecumenical Temple
   506 | Temple   | dang
   509 | Temple   | pipel: chei firestorm orc
   509 | Temple   | Became a worshipper of Cheibriados the Contemplative
   637 | D:5      | FU
   688 | D:6      | 4thArraOfDagon: rpois!
   723 | D:6      | You fall through a shaft!
   723 | D:7      | Noticed a sky beast
   741 | D:7      | Killed a sky beast
   743 | D:7      | Noticed a necrophage
   757 | D:7      | Killed a necrophage
   757 | D:7      | Reached skill level 7 in Axes
   757 | D:7      | Reached XP level 7. HP: 18/61 MP: 7/7
   760 | D:7      | Kolbur: it's funny that the devs removed the only thing that made the extended game bearable
   844 | D:7      | Reached skill level 5 in Armour
   847 | D:7      | Reached skill level 1 in Invocations
   848 | D:7      | Reached skill level 1 in Dodging
   892 | D:7      | Kolbur: "...unlimited teleportation is more problematic and encourages things like using it repeatedly and with no real cost in various places (especially the Abyss, for example)."
   944 | D:7      | Found a sand-covered staircase.
   953 | Ossuary  | Entered an ossuary
   956 | Ossuary  | Kolbur: yeah right, because traveling through abyss for 3000 turns is sooo much better
   970 | Ossuary  | Reached * piety under Cheibriados
  1089 | Ossuary  | Reached ** piety under Cheibriados
  1107 | Ossuary  | Reached skill level 8 in Axes
  1244 | D:7      | Reached *** piety under Cheibriados
  1248 | D:7      | 4thArraOfDagon: abyss-3k, pan-5k, hells-5k
  1248 | D:7      | 4thArraOfDagon: you have 5k for early,tomb,vaults,depths and zot
  1248 | D:7      | 4thArraOfDagon: :)
  1263 | D:6      | Noticed ThermosAquaticus's ghost (novice OgAK)
  1495 | D:7      | Reached XP level 8. HP: 62/70 MP: 8/10
  1544 | D:8      | Mangled by a warg

Vault maps used:
D:1:      ncdulo_smallfort, serial_park_tiny_1, corexii_leaking_fountain,
          tso_altar
D:2:      first_bread
D:3:      fiery_altar_vehumet, uniq_iyjb
D:4:      okawaru_metal_pillars_1_2, uniq_menkaure
D:5:      kennysheep_vampire_church, minmay_temple_entry_enclosed_plants
D:6:      uniq_duvessa
D:7:      gammafunk_temple_overflow_claw, nicolae_ossuary_entry_monument,
          grunt_ogre_cave, minivault_11, grunt_ministairs_6,
          nrook_loot_triangle, nicolae_zen_rock_garden, trog_ov_bears_minmay
D:8:      cheibrodos_ashenzari_chains, erik_lair_orcish_takeover, serial_shops,
          nicolae_shop_trees
Temple:   temple_island_7
Ossuary:  ossuary_zaba_two_paths

Action                   |  1- 3 |  4- 6 |  7- 9 || total
-------------------------+-------+-------+-------++-------
Melee: War axe           |    56 |    81 |   200 ||   337
  Use: Potion            |     1 |       |     5 ||     6
       Scroll            |       |       |     1 ||     1
  Eat: Beef jerky        |       |       |     1 ||     1
       Chunk             |       |       |     1 ||     1
